 Dungeon Crawl Stone Soup version 0.28.0-53-g5a82cb258f (webtiles) character file.

Game seed: 9958445948856754646

53 DildoBatman the Conjurer (level 4, 0/32 HPs)
             Began as a Formicid Conjurer on July 4, 2022.
             Constricted to death by a ball python (1 damage)
             ... on level 4 of the Dungeon.
             The game lasted 00:04:09 (1680 turns).

DildoBatman the Conjurer (Formicid Conjurer)        Turns: 1680, Time: 00:04:09

Health: 0/32       AC:  3    Str: 12    XL:     4   Next: 11%
Magic:  2/7        EV:  9    Int: 17    God:
Gold:   52         SH:  0    Dex: 11    Spells: 5/8 levels left

rFire   . . .      SeeInvis +   a - +0 hunting sling
rCold   . . .      Faith    .   (no shield)
rNeg    . . .      Spirit   .   d - +0 robe
rPois   .          Reflect  .   (helmet unavailable)
rElec   .          Harm     .   (no cloak)
rCorr   .          Rampage  .   (no gloves)
Will    .....                   l - +0 pair of boots
Stlth   ++........              (no amulet)
HPRegen 0.10/turn               (no ring)
MPRegen 0.10/turn               (no ring)

@: constricted
A: permanent stasis, dig shafts and tunnels, antennae 3, four strong arms
a: Dig, Shaft Self


You were on level 4 of the Dungeon.
You visited 1 branch of the dungeon, and saw 4 of its levels.

You collected 52 gold pieces.

Inventory:

Hand Weapons
 a - a +0 hunting sling (weapon)
 b - a +0 falchion
Missiles
 f - 26 stones (quivered ammo)
 g - 6 poisoned darts
 h - 22 bolts
 i - 24 sling bullets
Armour
 d - a +0 robe (worn)
 l - a +0 pair of boots (worn)
Jewellery
 n - a ring of ice
Scrolls
 e - a scroll of silence {unknown}
 j - 2 scrolls of immolation {unknown}
 m - a scroll of teleportation {unknown}
 o - a scroll of summoning {unknown}
 q - a scroll of noise {unknown}
Potions
 c - a potion of might {unknown}
 k - 2 potions of curing {unknown}
 p - a potion of brilliance {unknown}


   Skills:
 * Level 1.0 Fighting
 * Level 1.0 Armour
 - Level 1.7 Dodging
 - Level 2.4 Stealth
 * Level 2.5 Spellcasting
 * Level 4.4 Conjurations


You had 5 spell levels left.
You knew the following spells:

 Your Spells              Type           Power      Damage    Failure   Level
a - Searing Ray           Conj           34%        2d5       4%          2
c - Magic Dart            Conj           68%        1d6       3%          1

Your spell library contained the following spells:

 Spells                   Type           Power      Damage    Failure   Level
 Dazzling Flash           Conj/Hex       18%        N/A       22%         3
 Scorch                   Fire           4%         2d5       28%         2
 Flame Wave               Conj/Fire      9%         2d5       58%         4
 Fulminant Prism          Conj/Hex       4%         3d6       58%         4
 Iskenderun's Mystic Bla  Conj/Tloc      9%         2d4       58%         4
 Summon Cactus Giant      Summ           1%         N/A       100%        6


Dungeon Overview and Level Annotations

Branches:
Dungeon (3/15)

Altars:
Uskayaw
Yredelemnul

Annotations:
D:1 exclusion: wyvern


Innate Abilities, Weirdness & Mutations

You cannot be hasted, slowed, berserked, paralysed or teleported.
You can dig through walls and to a lower floor.
You have a pair of large antennae on your head. (SInv)
Your four strong arms can wield two-handed weapons with a shield.


Message History

g - Guard the area. f - Follow me.
Anything else - Cancel.
You shout for attention!
The endoplasm completely misses you. What are your orders? t - Shout!
Orders for allies: a - Attack new target. r - Retreat! s - Stop attacking. g - Guard the area. f - Follow me.
Anything else - Cancel.
You shout for attention!
The ball python closely misses you. The ball python barely misses you.
The endoplasm freezes you.
You are frozen.
What are your orders? t - Shout!
Orders for allies: a - Attack new target. r - Retreat! s - Stop attacking. g - Guard the area. f - Follow me.
Anything else - Cancel.
You shout for attention!
The ball python closely misses you. The ball python grabs you.
The ball python constricts you. The endoplasm freezes you.
You are frozen.
What are your orders? t - Shout!
Orders for allies: a - Attack new target. r - Retreat! s - Stop attacking. g - Guard the area. f - Follow me.
Anything else - Cancel.
You shout for attention!
The ball python bites you. The ball python constricts you.
The endoplasm hits you but does no damage.
The ball python bites you. The ball python constricts you.
You die...

# .# #.#
#..####..#
#...wS@..#
#..8.8J8.#
#.......?..#
#..........#
#.......#....
#..!..)_#.####
#.....!.# #
#........


You could see a dart slug, an endoplasm and a ball python.

Vanquished Creatures
  2 adders
  5 ball pythons
  5 bats
  3 endoplasms
  A giant cockroach (D:1)
  A goblin (D:2)
  5 hobgoblins
  4 kobolds
  3 quokkas (D:1)
  A frilled lizard (D:1)
  4 rats
34 creatures vanquished.

Vanquished Creatures (others)
  4 plants (D:2)
4 creatures vanquished.

Grand Total: 38 creatures vanquished

Notes
Turn   | Place    | Note
-------+----------+-------------------------------------------
     0 | D:1      | DildoBatman the Formicid Conjurer began the quest for the
                  | Orb.
     0 | D:1      | Reached XP level 1. HP: 13/13 MP: 3/3
     6 | D:1      | Noticed a water moccasin
     6 | D:1      | Noticed a hound
     6 | D:1      | Noticed a polar bear
     6 | D:1      | Noticed a wyvern
     6 | D:1      | Noticed a lindwurm
   138 | D:1      | Reached XP level 2. HP: 6/19 MP: 0/5
   141 | D:1      | Learned a level 2 spell: Searing Ray
   159 | D:1      | Reached skill level 4 in Conjurations
   517 | D:1      | Reached XP level 3. HP: 24/24 MP: 6/6
  1139 | D:2      | Found a basalt altar of Yredelemnul.
  1513 | D:2      | Found a faded altar of an unknown god.
  1657 | D:3      | Reached skill level 1 in Fighting
  1657 | D:3      | Reached skill level 1 in Armour
  1657 | D:3      | Reached XP level 4. HP: 29/32 MP: 0/7
  1659 | D:3      | You fall into a shaft and drop 1 floor!
  1659 | D:4      | Found a hide-covered altar of Uskayaw.
  1680 | D:4      | HP: 1/32 [ball python (3)]
  1680 | D:4      | Constricted to death by a ball python

Illustrated notes

Levels and vault maps discovered:
D:1:      onia_arrival_zoo_common, layout_basic
D:2:      layout_basic, shapermc_ecumenical_altar_mp_vishouse, serial_forest,
          infiniplex_forest_end_2, infiniplex_forest_side_room,
          infiniplex_forest_clump_double, infiniplex_forest_pool,
          infiniplex_forest_lined_2, infiniplex_forest_straight_2, basic_altar
D:3:      minmay_general_purpose_star, layout_loops_ring,
          mainiacjoe_overflow_catwalk, old_standard_altar,
          mainiacjoe_overflow_chevrons
D:4:      minmay_wonky_spiral, layout_basic, mainiacjoe_overflow_boulevard,
          eat_drink_and_be_merry_uskayaw, uniq_robin

Skill      XL: |  1  2  3 |
---------------+----------+-----
Conjurations   | 4 |  4.4
Fighting       | 1 |  1.0
Armour         | 1 |  1.0
Dodging        | |  1.7
Stealth        | |  2.4
Spellcasting   | |  2.5

Action                   |  1- 3 |  4- 6 || total
-------------------------+-------+-------++-------
Melee: Dagger            |    17 |       ||    17
       Unarmed           |     3 |       ||     3
       Falchion          |     9 |       ||     9
 Fire: Hunting sling     |    33 |       ||    33
 Cast: Magic Dart        |    35 |       ||    35
       Searing Ray       |     5 |       ||     5
 Abil: Shaft Self        |       |     1 ||     1
Armor: Robe              |     5 |     1 ||     6
Dodge: Dodged            |    27 |     7 ||    34
